 Dungeon Crawl Stone Soup version 0.22-a0-456-g11ed031 (webtiles) character file.

112997 pk666 the Eclecticist (level 16, -5/76 HPs)
             Began as a Deep Elf Fire Elementalist on June 7, 2018.
             Was the Champion of Vehumet.
             Slain by the 27-headed Lernaean hydra (16 damage)
             ... on level 4 of the Swamp on June 8, 2018.
             The game lasted 03:54:54 (42346 turns).

pk666 the Eclecticist (Deep Elf Fire Elementalist) Turns: 42346, Time: 03:54:55

Health: -5/76      AC:  8    Str:  5    XL:     16   Next: 13%
Magic:  20/40      EV: 21    Int: 28    God:    Vehumet [******]
Gold:   298        SH:  0    Dex: 15    Spells: 9/52 levels left

rFire    . . .     SeeInvis .   P - staff of energy
rCold    . . .     Gourm    .   (no shield)
rNeg     + . .     Faith    .   z - +2 robe {rN+}
rPois    +         Spirit   .   (no helmet)
rElec    .         Reflect  .   I - +2 cloak
rCorr    .         Harm     .   (no gloves)
MR       ++...                  R - +0 pair of boots
Stlth    ++........             t - amulet of regeneration
HPRegen  0.62/turn              S - ring of protection from magic
MPRegen  0.27/turn              G - ring of poison resistance

@: no status effects
A: no striking features
a: Renounce Religion


You were on level 4 of the Swamp.
You worshipped Vehumet.
Vehumet was exalted by your worship.
You were not hungry.

You visited 5 branches of the dungeon, and saw 25 of its levels.

You collected 2762 gold pieces.
You spent 2464 gold pieces at shops.

Inventory:

Hand Weapons
 l - the +4 great sword of the Shining Light {elec, rElec}
   (You found it on level 4 of the Swamp)

   Occasionally, upon striking a foe, it will discharge some electrical energy
   and cause terrible harm.
   It insulates you from electricity.
 O - the +8 whip "Snakebite" {curare, rPois}
   (You found it on level 1 of the Lair of Beasts)

   It poisons the flesh of those it strikes.
   It protects you from poison.
Armour
 h - a +2 robe of fire resistance
 s - a +0 troll leather armour
 z - a +2 robe of positive energy (worn)
 E - +0 swamp dragon scales
 I - a +2 cloak (worn)
 R - a +0 pair of boots (worn)
Magical Staves
 A - an uncursed staff of earth
 P - an uncursed staff of energy (weapon)
Jewellery
 t - an amulet of regeneration (around neck)
 w - an uncursed amulet of faith
 C - an uncursed ring of protection from fire
 D - a +3 amulet of reflection
 G - a ring of poison resistance (right hand)
 H - a +2 ring of dexterity
 S - a ring of protection from magic (left hand)
Wands
 a - a wand of random effects (26)
 g - a wand of digging (10)
 u - a wand of polymorph (19)
 v - a wand of flame (55)
 M - a wand of iceblast (40)
 Q - a wand of enslavement (26)
 U - a wand of acid (18)
 V - a wand of paralysis (26)
Scrolls
 b - 7 scrolls of teleportation
 d - 4 scrolls of magic mapping
 e - 2 scrolls of enchant armour
 i - a scroll of fog
 m - 12 scrolls of identify
 p - 6 scrolls of remove curse
 q - a scroll of amnesia
 y - 6 scrolls of fear
 B - 3 scrolls of enchant weapon
 J - 3 scrolls of immolation
 K - a scroll of vulnerability {unknown}
Potions
 f - 4 potions of agility
 j - a potion of invisibility
 n - 6 potions of brilliance
 o - 3 potions of curing
 r - 8 potions of lignification
 x - 4 potions of resistance
 F - 5 potions of flight
 L - a potion of might
 N - a potion of haste
Miscellaneous
 k - a phial of floods
Comestibles
 c - 34 rations


   Skills:
 + Level 13.3 Dodging
 - Level 2.4 Stealth
 + Level 18.6 Spellcasting
 + Level 16.4 Conjurations
 - Level 5.0 Necromancy
 - Level 4.0 Translocations
 + Level 16.1 Fire Magic
 - Level 2.1 Air Magic


You had 9 spell levels left.
You knew the following spells:

 Your Spells              Type           Power        Failure   Level  Hunger
a - Flame Tongue          Conj/Fire      #####        0%          1    None
b - Sticky Flame          Conj/Fire      #######.     0%          4    None
c - Orb of Destruction    Conj           #######...   1%          7    None
d - Mephitic Cloud        Conj/Pois/Air  ######..     1%          3    None
e - Sublimation of Blood  Necr           ######....   1%          2    None
f - Lightning Bolt        Conj/Air       ######....   1%          5    None
l - Blink                 Tloc           N/A          1%          2    None
s - Bolt of Fire          Conj/Fire      #######...   1%          6    None
x - Ignition              Fire           #######...   4%          8    None
z - Fireball              Conj/Fire      #######...   1%          5    None

Your spell library contained the following spells:

 Spells                   Type           Power        Failure   Level  Hunger
 Magic Dart               Conj           ####         0%          1    None
 Conjure Flame            Conj/Fire      #######.     0%          3    None
 Slow                     Hex            ####....     2%          2    None
 Confuse                  Hex            ####....     4%          3    None
 Throw Flame              Conj/Fire      ######       0%          2    None
 Lehudib's Crystal Spear  Conj/Erth      ######....   65%         8    None
 Fire Storm               Conj/Fire      #######...   45%         9    None
 Animate Dead             Necr           N/A          1%          4    None
 Call Imp                 Summ           ####....     2%          2    None
 Poison Arrow             Conj/Pois      ######....   2%          6    None
 Tukima's Dance           Hex            ####....     4%          3    None
 Stone Arrow              Conj/Erth      ######       1%          3    None
 Recall                   Summ/Tloc      N/A          2%          3    None
 Spider Form              Tmut/Pois      ####......   4%          3    None
 Blade Hands              Tmut           ####......   43%         5    None
 Ice Form                 Ice/Tmut       ####....     17%         4    None
 Death Channel            Necr           ######....   32%         6    None
 Glaciate                 Conj/Ice       ######....   100%        9    None
 Passwall                 Tmut/Erth      ####....     2%          2    None
 Ignite Poison            Fire/Tmut/Pois ######..     1%          3    None
 Sticks to Snakes         Tmut           ####....     2%          2    None
 Ensorcelled Hibernation  Hex/Ice        ####..       2%          2    None
 Corona                   Hex            ####...      1%          1    None
 Alistair's Intoxication  Tmut/Pois      ####....     43%         5    None
 Lee's Rapid Deconstruct  Erth           ####......   13%         5    None
 Sandblast                Erth           ####..       1%          1    None
 Simulacrum               Ice/Necr       #####.....   65%         6    None
 Chain Lightning          Conj/Air       ######....   50%         8    None
 Petrify                  Tmut/Erth      ####....     17%         4    None
 Inner Flame              Hex/Fire       ######..     1%          3    None
 Beastly Appendage        Tmut           ####..       1%          1    None
 Dazzling Spray           Conj/Hex       ######       1%          3    None
 Irradiate                Conj/Tmut      ######....   1%          5    None
 Borgnjor's Vile Clutch   Necr/Erth      #####.....   16%         5    None


Dungeon Overview and Level Annotations

Branches:
Dungeon (12/15)            Temple (1/1) D:6            Lair (6/6) D:11
  Swamp (4/4) Lair:2       Spider (0/4) Lair:4        Slime (0/5) Lair:6
    Orc (2/2) D:12            Elf (0/3) Orc:2

Altars:
Cheibriados
Dithmenos
Kikubaaqudgha
Makhleb
Nemelex Xobeh
Okawaru
Qazlal
Sif Muna
Trog
Uskayaw
Vehumet
Wu Jian
Xom
Yredelemnul
Zin
The Shining One
Beogh

Shops:
D:8 :   D:10 [   D:12 (   Orc:2 ***(

Annotations:
Swamp:4 Lernaean hydra


Message History

Aim: the 27-headed Lernaean hydra (magical condensation)
The wavering orb of destruction hits the 27-headed Lernaean hydra.
The 27-headed Lernaean hydra is heavily wounded.
Casting: Orb of Destruction (safe; 1% risk of failure)
Confirm with . or Enter, or press ? or * to list all spells.
Aiming: Orb of Destruction (safe; 1% risk of failure)
Press: ? - help, Shift-Dir - straight line, f/p - 27-headed Lernaean hydra
Aim: the 27-headed Lernaean hydra (magical condensation, heavily wounded)
The wavering orb of destruction weakly hits the 27-headed Lernaean hydra.
The 27-headed Lernaean hydra is severely wounded.
The 27-headed Lernaean hydra bites you! x3
The 27-headed Lernaean hydra bites you. The 27-headed Lernaean hydra bites you!
The 27-headed Lernaean hydra bites you.
* * * LOW HITPOINT WARNING * * *
The 27-headed Lernaean hydra bites you!
* * * LOW HITPOINT WARNING * * *
The 27-headed Lernaean hydra completely misses you.
The 27-headed Lernaean hydra bites you but does no damage.
The 27-headed Lernaean hydra bites you!
You die...

§≈.♣.≈≈≈≈..≈≈≈†≈.♣♣♣...≈
≈≈♣§≈≈≈≈§..≈≈.≈..♣≈♣.≈≈.
....≈≈..≈♣.≈..≈≈..♣♣....
≈≈.≈≈≈≈♣♣♣§...≈≈.≈♣♣♣♣§.
♣≈.≈...§§.≈.≈...≈♣♣ ♣♣§
♣≈♣.≈.....#.....♣♣ ♣♣
♣♣.[..†≈....≈≈.♣♣♣
♣♣≈..♣♣♣.♣...≈≈≈..♣♣♣
♣...@♣♣≈♣≈≈#≈§≈≈≈≈♣♣≈
♣.#..D.♣♣≈≈≈≈≈≈≈≈≈≈...
♣.≈#..§#.♣♣♣(≈≈≈≈≈≈≈§≈≈
♣≈ ##≈.#≈♣ ♣≈.≈≈≈≈≈≈≈≈≈
# ##§## . ♣♣♣...≈≈≈≈≈≈
## #≈§###≈♣ ♣♣♣...≈≈..
≈#≈≈ ##≈§≈.# ♣ ♣♣♣≈.≈..
≈≈#≈##≈≈..## ♣♣≈.≈≈≈
≈.≈≈≈#≈#.≈≈## ♣♣≈.≈§≈≈


You could see the 27-headed Lernaean hydra.

Vanquished Creatures
  The ghost of Megalobster the Spry, an adept MfBe of Trog (Swamp:3)
  Frances (Swamp:2)
  2 entropy weavers (Lair:6)
  16 hydras
  3 ghost crabs
  12 death yaks
  A catoblepas (Lair:5)
  11 alligators
  A queen ant (Lair:6)
  5 spriggans
  Nergalle (Lair:2)
  The ghost of pk666 the Thaumaturge, a novice DEFE of Vehumet (D:10)
  A spriggan druid (Swamp:4)
  2 shambling mangroves
  8 swamp dragons
  Pikel (D:6)
  3 orc knights
  8 orc sorcerers
  An oklob plant (D:6)
  A cyclops (D:11)
  A centaur zombie (D:10)
  8 black mambas
  4 elephants (Lair:5)
  18 spiny frogs
  4 rime drakes
  3 komodo dragons
  A queen bee (D:9)
  The ghost of Tiareth the Conjurer, a novice TeWz of Vehumet (D:5)
  7 trolls
  10 polar bears
  Prince Ribbit (D:7)
  12 slime creatures
  8 tyrant leeches
  8 hornets
  23 blink frogs
  A raiju (Lair:6)
  7 dream sheep (Lair:5)
  7 bog bodies
  6 hippogriffs
  A shadow (Swamp:1)
  A basilisk (Lair:6)
  2 redbacks (Lair:4)
  3 wyverns
  23 yaks
  Grum (D:8)
  22 vampire mosquitoes
  6 hungry ghosts
  11 swamp worms
  21 insubstantial wisps
  9 wargs
  2 acid dragons (D:12)
  23 soldier ants (Lair:6)
  13 water moccasins
  28 orc warriors
  16 hell hounds
  10 porcupines
  11 swamp drakes
  A sky beast (D:12)
  13 black bears
  An eye of draining (D:11)
  3 ice beasts
  9 ogres
  A phantom (D:11)
  A necrophage (D:12)
  4 centaurs
  14 crocodiles
  20 wolves
  17 bullfrogs
  5 scorpions
  A troll zombie (D:12)
  25 killer bees
  12 wights
  5 howler monkeys
  An electric eel (D:9)
  2 crimson imps
  2 bullfrog zombies
  A quasit (D:7)
  9 hounds
  22 jellies
  15 orc priests
  2 bullfrog skeletons
  2 centaur skeletons
  3 iguanas
  57 orc wizards
  28 worker ants
  5 ogre zombies (D:12)
  A howler monkey zombie (D:7)
  3 worker ant zombies
  4 gnolls
  A howler monkey skeleton (D:5)
  8 adders
  9 shadow imps
  A white imp (D:9)
  15 oozes (D:6)
  An adder zombie (D:5)
  A worm (D:4)
  7 dart slugs
  2 leopard geckos
  118 orcs
  5 giant cockroaches
  11 goblins
  6 hobgoblins
  6 kobolds
  5 quokkas
  A ball python (D:5)
  10 bats
  6 frilled lizards
  A giant cockroach zombie (D:5)
  3 goblin skeletons (D:9)
  4 goblin zombies (D:12)
  A hobgoblin skeleton (D:12)
  7 hobgoblin zombies
  A jackal zombie (D:6)
  3 kobold skeletons (D:9)
  2 kobold zombies (D:9)
  A leopard gecko skeleton (D:5)
  4 orc skeletons
  9 orc zombies
  A quokka skeleton (D:6)
  26 rats
  3 fungi
  3 plants (Lair:6)
984 creatures vanquished.

Vanquished Creatures (others)
  A slave (D:8)
  An ogre (D:6)
  A centaur (D:8)
  A hound (D:8)
  An orc (D:8)
  24 fungi
  14 plants
43 creatures vanquished.

Grand Total: 1027 creatures vanquished

Notes
Turn   | Place    | Note
-------+----------+-------------------------------------------
     0 | D:1      | pk666 the Deep Elf Fire Elementalist began the quest for the Orb.
     0 | D:1      | Reached XP level 1. HP: 10/10 MP: 6/6
   166 | D:1      | Reached XP level 2. HP: 15/15 MP: 4/8
   658 | D:2      | Reached XP level 3. HP: 19/19 MP: 3/10
   790 | D:2      | Found an ornate altar of the Wu Jian Council.
  1224 | D:2      | Found a hide-covered altar of Uskayaw.
  1353 | D:2      | Found a shadowy altar of Dithmenos.
  1631 | D:3      | Reached XP level 4. HP: 19/24 MP: 3/11
  1730 | D:3      | Reached skill level 4 in Spellcasting
  1973 | D:3      | Reached XP level 5. HP: 28/28 MP: 10/13
  1998 | D:3      | Learned a level 4 spell: Sticky Flame
  2002 | D:3      | Learned a level 3 spell: Conjure Flame
  2171 | D:3      | Found a glowing silver altar of Zin.
  3148 | D:4      | Reached XP level 6. HP: 12/32 MP: 1/15
  3827 | D:5      | Entered Level 5 of the Dungeon
  3841 | D:5      | Noticed Tiareth's ghost (novice TeWz)
  3855 | D:5      | Killed Tiareth's ghost
  3855 | D:5      | Reached skill level 5 in Spellcasting
  3855 | D:5      | Reached skill level 5 in Conjurations
  3855 | D:5      | Reached skill level 5 in Fire Magic
  4032 | D:5      | Found an ancient bone altar of Kikubaaqudgha.
  4100 | D:5      | Reached XP level 7. HP: 36/36 MP: 12/17
  4223 | D:5      | Found a burning altar of Makhleb.
  4377 | D:5      | Reached skill level 6 in Spellcasting
  4611 | D:5      | Learned a level 5 spell: Fireball
  4758 | D:5      | Found a bloodstained altar of Trog.
  5127 | D:6      | HP: 1/36 [orc wizard/magic dart (6)]
  5255 | D:6      | Noticed Pikel
  5269 | D:6      | Killed Pikel
  5269 | D:6      | Reached skill level 7 in Spellcasting
  5269 | D:6      | Reached XP level 8. HP: 33/41 MP: 8/21
  5394 | D:6      | Reached skill level 8 in Spellcasting
  5756 | D:6      | Found a staircase to the Ecumenical Temple.
  5769 | Temple   | Entered the Ecumenical Temple
  5780 | Temple   | Became a worshipper of Vehumet
  6149 | D:6      | Noticed an oklob plant
  6182 | D:6      | Reached XP level 9. HP: 45/45 MP: 17/23
  6203 | D:6      | Reached skill level 9 in Spellcasting
  6306 | D:6      | Killed an oklob plant
  6306 | D:6      | Reached * piety under Vehumet
  6306 | D:6      | Offered knowledge of Sting by Vehumet.
  6822 | D:7      | Found a stormy altar of Qazlal.
  6954 | D:7      | Reached skill level 10 in Spellcasting
  7558 | D:7      | Noticed Prince Ribbit
  7596 | D:7      | Killed Prince Ribbit
  8016 | D:8      | Reached ** piety under Vehumet
  8016 | D:8      | Offered knowledge of Shock by Vehumet.
  8168 | D:8      | Reached XP level 10. HP: 50/50 MP: 18/26
  8201 | D:8      | Noticed Grum
  8232 | D:8      | Killed Grum
  8232 | D:8      | Reached skill level 11 in Spellcasting
  8369 | D:8      | Paralysed by a hornet for 2 turns
  8370 | D:8      | Reached skill level 10 in Conjurations
  8756 | D:8      | Offered knowledge of Static Discharge by Vehumet.
  8812 | D:8      | Found Ehustel's Book Emporium.
  8819 | D:8      | Bought a book of Minor Magic for 240 gold pieces
  8822 | D:8      | Learned a level 2 spell: Blink
  8826 | D:8      | Learned a level 3 spell: Mephitic Cloud
  9142 | D:9      | Reached skill level 1 in Translocations
  9243 | D:9      | Reached skill level 10 in Fire Magic
  9504 | D:9      | Found a glowing golden altar of the Shining One.
  9507 | D:9      | Reached *** piety under Vehumet
 10221 | D:9      | Offered knowledge of Force Lance by Vehumet.
 10500 | D:9      | Reached skill level 12 in Spellcasting
 10796 | D:10     | Entered Level 10 of the Dungeon
 10955 | D:10     | Noticed pk666's ghost (novice DEFE)
 10963 | D:10     | Killed pk666's ghost
 10964 | D:10     | Reached **** piety under Vehumet
 10964 | D:10     | Reached XP level 11. HP: 54/54 MP: 14/29
 11135 | D:10     | Found Qoism's Armour Shop.
 11178 | D:10     | Offered knowledge of Lightning Bolt by Vehumet.
 11187 | D:10     | Learned a level 5 spell: Lightning Bolt
 11358 | D:11     | Noticed an orc knight
 11553 | D:12     | Found Gulalu's Weapon Shoppe.
 12052 | D:12     | Reached ***** piety under Vehumet
 12095 | D:12     | Offered knowledge of Bolt of Fire by Vehumet.
 12915 | D:10     | Found a sparkling altar of Nemelex Xobeh.
 13370 | D:11     | Reached skill level 13 in Spellcasting
 14375 | D:11     | Killed an orc knight
 14375 | D:11     | Reached skill level 5 in Dodging
 14521 | D:11     | Found a staircase to the Lair.
 14698 | D:11     | Learned a level 6 spell: Bolt of Fire
 14718 | Lair:1   | Entered Level 1 of the Lair of Beasts
 15077 | Lair:1   | Reached skill level 1 in Air Magic
 15412 | Lair:1   | Offered knowledge of Lee's Rapid Deconstruction by Vehumet.
 15613 | Lair:1   | Got a twisted large shield
 15621 | Lair:1   | Reached XP level 12. HP: 48/59 MP: 16/31
 15672 | Lair:1   | Found the +8 whip "Snakebite" {curare, rPois}
 15776 | Lair:1   | Identified the +4 large shield "Miutuney" {rF+ MP+9 Slay+2} (You found it on level 1 of the Lair of Beasts)
 16104 | Lair:2   | Noticed Nergalle
 16355 | Lair:2   | Killed Nergalle
 16553 | Lair:2   | Reached skill level 14 in Spellcasting
 16690 | Lair:2   | Found a staircase to the Swamp.
 19968 | Lair:4   | Found a hole to the Spider Nest.
 20017 | Lair:4   | Noticed a death yak
 20227 | Lair:4   | Noticed a death yak
 20516 | Lair:4   | Noticed a death yak
 20516 | Lair:4   | Noticed a death yak
 20517 | Lair:4   | Noticed a death yak
 20517 | Lair:4   | Noticed a death yak
 20532 | Lair:4   | Killed a death yak
 20532 | Lair:4   | Killed a death yak
 20533 | Lair:4   | Killed a death yak
 20536 | Lair:4   | Killed a death yak
 20536 | Lair:4   | Reached XP level 13. HP: 45/63 MP: 3/33
 20536 | Lair:4   | Reached skill level 10 in Dodging
 21213 | Lair:5   | Offered knowledge of Spellforged Servitor by Vehumet.
 21714 | Lair:5   | Reached skill level 15 in Spellcasting
 22193 | Lair:5   | Got a polished ring mail
 22874 | Lair:5   | Identified the +1 ring mail of Cocytus {-Tele rF++ Str+4 Int+3} (You found it on level 5 of the Lair of Beasts)
 23305 | Lair:6   | Entered Level 6 of the Lair of Beasts
 24832 | Lair:6   | Noticed an entropy weaver
 24981 | Lair:6   | Killed an entropy weaver
 24981 | Lair:6   | Reached XP level 14. HP: 68/68 MP: 19/35
 25474 | Lair:6   | Offered knowledge of Poison Arrow by Vehumet.
 25523 | Lair:6   | Reached skill level 16 in Spellcasting
 25662 | Lair:6   | Noticed an entropy weaver
 25740 | Lair:6   | Killed an entropy weaver
 27678 | Lair:6   | Found a staircase to the Slime Pits.
 28402 | Lair:6   | Offered knowledge of Orb of Destruction by Vehumet.
 28751 | Lair:6   | Learned a level 7 spell: Orb of Destruction
 30504 | D:12     | Offered knowledge of Freezing Cloud by Vehumet.
 30701 | D:12     | Found a staircase to the Orcish Mines.
 30911 | Orc:1    | Entered Level 1 of the Orcish Mines
 31569 | D:8      | Bought a book of Annihilations for 1324 gold pieces
 31803 | Orc:1    | You fall through a shaft!
 31803 | Orc:2    | Entered Level 2 of the Orcish Mines
 31803 | Orc:2    | Found a staircase to the Elven Halls.
 31823 | Orc:1    | Found a bloodstained altar of Trog.
 32157 | Orc:2    | Found an iron altar of Okawaru.
 32255 | Orc:2    | Reached skill level 17 in Spellcasting
 32450 | Orc:2    | Reached skill level 15 in Conjurations
 33287 | Orc:2    | Found Sippadif's Assorted Antiques.
 33287 | Orc:2    | Found Ololeh's General Store.
 33986 | Orc:2    | Reached skill level 15 in Fire Magic
 34377 | Orc:2    | Found a roughly hewn altar of Beogh.
 34412 | Orc:2    | Found Memeylu's Antique Weapon Emporium.
 34412 | Orc:2    | Found Saucs's Assorted Antiques.
 35160 | Swamp:1  | Entered Level 1 of the Swamp
 35578 | D:8      | Bought a book of Alchemy for 900 gold pieces
 35581 | D:8      | Learned a level 2 spell: Sublimation of Blood
 35761 | Swamp:1  | Reached skill level 1 in Necromancy
 35761 | Swamp:1  | Reached XP level 15. HP: 72/72 MP: 27/38
 36326 | Swamp:2  | Noticed Frances
 36334 | Swamp:2  | Killed Frances
 36612 | Swamp:2  | Reached ****** piety under Vehumet
 37273 | Swamp:2  | Reached skill level 5 in Necromancy
 38620 | Swamp:3  | Offered knowledge of Iron Shot by Vehumet.
 38832 | Swamp:3  | Noticed Megalobster's ghost (adept MfBe)
 38853 | Swamp:3  | Killed Megalobster's ghost
 38853 | Swamp:3  | Reached skill level 18 in Spellcasting
 40025 | Swamp:4  | Entered Level 4 of the Swamp
 40663 | Swamp:4  | Got a slimy great sword
 40664 | Swamp:4  | Identified the +4 great sword of the Shining Light {elec, rElec} (You found it on level 4 of the Swamp)
 41409 | Swamp:4  | Reached XP level 16. HP: 55/76 MP: 3/40
 41448 | Swamp:4  | Offered knowledge of Shatter by Vehumet.
 41448 | Swamp:4  | Offered knowledge of Tornado by Vehumet.
 41448 | Swamp:4  | Offered knowledge of Ignition by Vehumet.
 41458 | Swamp:4  | Learned a level 8 spell: Ignition
 42332 | Swamp:4  | Noticed the 27-headed Lernaean hydra
 42346 | Swamp:4  | Slain by the 27-headed Lernaean hydra

Vault maps used:
D:1:      evilmike_arrival_hilbert_curve
D:2:      overflow_temple_1_default, overflow_temple_1_default,
          nicolae_overflow_hidden_temple, minmay_rat_hole
D:3:      zin_academy, first_ration, minmay_ruptured
D:5:      old_standard_altar, nicolae_overflow_crystal_walls,
          lemuel_doored_altar
D:6:      lemuel_slime, minmay_temple_entry_glassed_door, uniq_pikel
D:7:      grunt_qazlal_sundering, uniq_prince_ribbit1
D:8:      serial_shops, shop_statue, uniq_grum
D:9:      nicolae_tso_besieged_by_evil, special_room
D:10:     basic_altar, serial_shops, shop
D:11:     grunt_lair_entry_orc_guard_hut, special_room, serial_shops,
          bzr_entry_customers
D:12:     zombieorc1_lemuel, serial_shops, shop
Temple:   dshaligram_water_room_temple
Lair:1:   minmay_guarded_unrand_snakebite
Lair:2:   minmay_swamp_entry_wisps, beast_lair_carwin_7, lemuel_fruit_fields,
          uniq_nergalle
Lair:4:   spider_nest_entry_a
Lair:5:   kennysheep_catoblepas_arena, serial_bayou_shore_b
Lair:6:   hangedman_lair_caniforms_friends, minmay_slime_entry_jelly_boxes,
          zaba_anthell
Swamp:1:  hangedman_swamp_lotus, swamp_pool3
Swamp:2:  portal_ice_cave_entry_pillars_2, evilmike_swamp_ruin_house_6,
          swamp_pool2, uniq_frances
Swamp:3:  hangedman_swamp_ruin_wall
Swamp:4:  swamp_old_school
Orc:1:    trog_butcher_becter
Orc:2:    st_orc_town, okawaru_metal_pillars_1_2

Skill      XL: |  1  2  3  4  5  6  7  8  9 10 11 12 13 14 15 |
---------------+----------------------------------------------+-----
Conjurations   | 2 3 4 5 7 8 9 11 12 13 14 15 16 | 16.4
Fire Magic     | 4 5 6 7 9 10 11 12 13 15 16 | 16.1
Spellcasting   | 4 5 7 8 10 12 13 14 15 17 18 | 18.6
Translocations | 3 4 |  4.0
Dodging        | 5 9 11 12 13 | 13.3
Air Magic      | 2 |  2.1
Necromancy     | 1 5 |  5.0
Stealth        | |  2.4

Action                   |  1- 3 |  4- 6 |  7- 9 | 10-12 | 13-15 | 16-18 || total
-------------------------+-------+-------+-------+-------+-------+-------++-------
Melee: Unarmed           |     1 |       |       |       |       |       ||     1
       Staff             |       |       |       |    36 |     4 |       ||    40
 Cast: Flame Tongue      |    93 |    92 |   217 |   193 |     8 |       ||   603
       Conjure Flame     |       |     1 |    14 |    60 |     1 |       ||    76
       Sticky Flame      |       |       |    11 |    44 |    26 |       ||    81
       Fireball          |       |       |    19 |   179 |   448 |       ||   646
       Bolt of Fire      |       |       |       |    58 |   142 |    25 ||   225
       Lightning Bolt    |       |       |       |     6 |    21 |       ||    27
       Mephitic Cloud    |       |       |       |     3 |       |       ||     3
       Blink             |       |       |       |     2 |    12 |     1 ||    15
       Orb of Destructio |       |       |       |       |   101 |    15 ||   116
       Sublimation of Bl |       |       |       |       |    17 |     7 ||    24
Evoke: Wand              |       |       |     1 |    10 |     2 |       ||    13
       Staff of energy   |       |       |       |     2 |       |       ||     2
  Use: Potion            |       |     2 |     2 |     6 |     8 |       ||    18
       Scroll            |       |       |     7 |    12 |    15 |       ||    34
 Stab: Invisible         |       |       |       |     1 |       |       ||     1
  Eat: Chunk             |     2 |     5 |    12 |    36 |    50 |       ||   105
       Ration            |       |     1 |     1 |     6 |     5 |     1 ||    14
Armor: Robe              |     4 |     3 |     5 |    28 |    21 |     1 ||    62
       Troll leather arm |       |       |       |       |     5 |       ||     5
Dodge: Dodged            |    16 |    12 |    55 |   116 |   208 |    12 ||   419

Table legend:
 A = Spawn XP
 B = Non-spawn XP
 C = Spawn XP percentage of total XP
 D = Spawn monster count
 E = Non-spawn monster count
 F = Spawn count percentage of total count
 G = Total turns spent on level
                    A         B        C        D         E        F      G
               +---------+---------+-------+---------+---------+-------+---------
         Total |       0 |  161425 |   0.0 |       0 |     979 |   0.0 | 42346
               +---------+---------+-------+---------+---------+-------+---------
           D:1 |       0 |      39 |   0.0 |       0 |      22 |   0.0 |   648
           D:2 |       0 |      50 |   0.0 |       0 |      33 |   0.0 |   948
           D:3 |       0 |     133 |   0.0 |       0 |      31 |   0.0 |   963
           D:4 |       0 |     169 |   0.0 |       0 |       9 |   0.0 |  1300
           D:5 |       0 |     858 |   0.0 |       0 |      33 |   0.0 |  1261
           D:6 |       0 |    2349 |   0.0 |       0 |      46 |   0.0 |  1562
           D:7 |       0 |    1467 |   0.0 |       0 |      21 |   0.0 |  1233
           D:8 |       0 |    2006 |   0.0 |       0 |      35 |   0.0 |  1193
           D:9 |       0 |    3035 |   0.0 |       0 |      62 |   0.0 |  2242
          D:10 |       0 |    3307 |   0.0 |       0 |      37 |   0.0 |   955
          D:11 |       0 |    4533 |   0.0 |       0 |      62 |   0.0 |  2082
          D:12 |       0 |    1896 |   0.0 |       0 |      38 |   0.0 |  1672
        Lair:1 |       0 |    4733 |   0.0 |       0 |      20 |   0.0 |  1931
        Lair:2 |       0 |    5860 |   0.0 |       0 |      26 |   0.0 |  2126
        Lair:3 |       0 |    2688 |   0.0 |       0 |      13 |   0.0 |  1056
        Lair:4 |       0 |   10799 |   0.0 |       0 |      30 |   0.0 |  2116
        Lair:5 |       0 |   12012 |   0.0 |       0 |      40 |   0.0 |  2733
        Lair:6 |       0 |   31377 |   0.0 |       0 |     144 |   0.0 |  5325
       Swamp:1 |       0 |    5019 |   0.0 |       0 |      12 |   0.0 |   896
       Swamp:2 |       0 |   17074 |   0.0 |       0 |      36 |   0.0 |  2077
       Swamp:3 |       0 |   17013 |   0.0 |       0 |      43 |   0.0 |  2424
       Swamp:4 |       0 |   22701 |   0.0 |       0 |      59 |   0.0 |  1558
         Orc:1 |       0 |    1902 |   0.0 |       0 |      25 |   0.0 |  2176
         Orc:2 |       0 |   10405 |   0.0 |       0 |     102 |   0.0 |  1848
               +---------+---------+-------+---------+---------+-------+---------
